Map: Lost and Found LE

Players

Michael - Winner!

  • Race: Protoss Protoss
  • League: Gold
  • Spawn Location: 1:00

VOD

Have the link to the VOD?

Description

Time

  • Played on: Sept. 29, 2018, 6:58 a.m.
  • Length: 13:58
Show
View Real Time Build Order
Export as new Build Order

Michael Protoss - Winner!

Build Orders:  

Get SALT Encoding   

  1  0:00  Probe (Chrono Boost)  
  13  0:10  Probe (Chrono Boost)  
  14  0:24  Pylon  
  15  0:31  Probe (Chrono Boost)  
  15  0:45  Assimilator  
  15  0:52  Probe (Chrono Boost)  
  16  1:07  Gateway  
  16  1:09  Probe (Chrono Boost)  
  17  1:22  Probe (Chrono Boost)  
  18  1:33  Probe (Chrono Boost)  
  19  1:49  Pylon  
  19  1:50  Pylon  
  19  1:52  Gateway  
  19  2:19  Cybernetics Core  
  19  2:26  Forge  
  19  2:33  Assimilator  
  19  2:38  Probe (Chrono Boost)  
  20  2:50  Probe (Chrono Boost)  
  20  2:51  Zealot  
  23  3:01  Probe (Chrono Boost)  
  24  3:15  Probe (Chrono Boost)  
  25  3:26  Protoss Shields Level 1  
  26  3:32  Probe (Chrono Boost)  
  26  4:05  Nexus  
  26  4:16  Pylon  
  26  4:35  Probe (Chrono Boost)  
  26  4:37  Warp Gate  
  28  4:50  Gateway  
  28  4:52  Probe (Chrono Boost)  
  27  5:09  Probe (Chrono Boost)  
  28  5:24  Stargate  
  28  5:26  Probe (Chrono Boost)  
  29  5:31  Gateway  
  29  5:35  Photon Cannon  
  29  5:40  Pylon  
  29  5:43  Probe (Chrono Boost)  
  30  5:54  Probe (Chrono Boost)  
  32  6:00  Probe (Chrono Boost)  
  32  6:06  Probe (Chrono Boost)  
  33  6:17  Probe (Chrono Boost)  
  33  6:19  Probe (Chrono Boost)  
  34  6:20  Zealot  
  34  6:23  Zealot  
  39  6:34  Probe (Chrono Boost)  
  39  6:36  Probe (Chrono Boost)  
  41  6:41  Void Ray  
  46  6:51  Probe (Chrono Boost)  
  46  6:53  Probe (Chrono Boost)  
  46  6:59  Assimilator  
  47  7:04  Assimilator  
  47  7:07  Probe (Chrono Boost)  
  49  7:10  Probe (Chrono Boost)  
  49  7:15  Pylon x2  
  49  7:20  Pylon  
  49  7:24  Probe (Chrono Boost)  
  50  7:40  Gateway x2  
  50  7:44  Gateway, Void Ray  
  50  7:49  Gateway  
  54  8:04  Zealot  
  54  8:08  Protoss Ground Weapons Level 1  
  56  8:22  Twilight Council  
  56  8:33  Stalker  
  56  8:35  Zealot x2  
  56  8:36  Zealot  
  64  8:57  Void Ray  
  68  9:16  Probe x2 (Chrono Boost)  
  70  9:32  Zealot  
  70  9:33  Probe x2 (Chrono Boost), Zealot  
  78  9:50  Probe x2 (Chrono Boost)  
  78  9:53  Pylon  
  78  9:54  Void Ray  
  78  9:55  Pylon  
  82  10:15  Nexus  
  82  10:16  Pylon  
  82  10:24  Photon Cannon  
  82  10:28  Zealot  
  82  10:29  Unknown, Zealot x2  
  88  10:30  Zealot  
  88  10:33  Pylon  
  90  10:43  Void Ray  
  94  11:11  Unknown, Templar Archives  
  94  11:19  Photon Cannon  
  94  11:21  Gateway  
  94  11:25  Gateway x2  
  94  11:39  Probe x2 (Chrono Boost)  
  96  11:48  Zealot  
  98  11:50  Zealot  
  98  11:56  Probe x2 (Chrono Boost)  
  102  12:05  Unknown  
  102  12:08  Pylon  
  102  12:13  Probe x2 (Chrono Boost)  
  102  12:17  Probe (Chrono Boost)  
  102  12:18  Charge  
  107  12:30  Probe x2 (Chrono Boost)  
  107  12:34  Probe (Chrono Boost)  
  107  12:35  Zealot  
  107  12:36  Zealot x2  
  107  12:37  Zealot  
  107  12:38  Zealot  
  118  12:44  Zealot  
  118  12:46  Zealot  
  118  12:47  Probe (Chrono Boost)  
  123  12:58  Zealot  
  123  12:59  Zealot x2  
  129  13:02  Zealot  
  129  13:04  Zealot  
  133  13:18  Unknown  
  131  13:21  Zealot  
  131  13:22  Zealot  
  131  13:23  Zealot  
  131  13:24  Zealot  
  131  13:25  Zealot  
  131  13:26  Zealot  
  131  13:29  Zealot  
Tags
 
Add a new tag
Caveats
  • Supply blocks, unpowered buildings, or Contaminate may cause inaccurate times.
  • Supply counts are checked every 10 seconds.